 Dungeon Crawl Stone Soup version 0.20-a0-1026-gc3ddcbd (webtiles) character file.

849 Duffy the Magician (level 7, -1/60 HPs)
             Began as a Deep Elf Fire Elementalist on Apr 20, 2017.
             Shot with an arrow by a centaur (8 damage)
             ... on level 5 of the Dungeon.
             The game lasted 00:05:57 (4715 turns).

Duffy the Magician (Deep Elf Fire Elementalist)     Turns: 4715, Time: 00:05:58

Health: -1/60      AC: 23    Str:  5    XL:     7   Next: 69%
Magic:  16/18      EV:  2    Int: 22    God:
Gold:   232        SH:  0    Dex: 15    Spells: 6/19 levels left

rFire    . . .     SeeInvis .   a - +0 blowgun
rCold    . . .     Gourm    +   (no shield)
rNeg     + + +     Faith    .   (armour currently unavailable)
rPois    +         Spirit   .   (helmet currently unavailable)
rElec    .         Reflect  .   (cloak currently unavailable)
rCorr    +         Harm     .   (gloves currently unavailable)
MR       .....     NoTele   +   (boots currently unavailable)
Stlth    ++........             q - amulet of the gourmand
Regen    0.2/turn               n - +2 ring of evasion
MPRegen  0.2/turn               x - ring of resist corrosion

@: tree-form
A: no striking features
a: no special abilities


You were on level 5 of the Dungeon.
You were very full.
You were a tree.
You visited 1 branch of the dungeon, and saw 5 of its levels.

You collected 232 gold pieces.

Inventory:

Hand Weapons
 a - a +0 blowgun (weapon)
Missiles
 u - 36 poisoned needles (quivered)
Armour
 e - a +0 shield
 r - a +0 pair of gloves (melded)
 t - a +0 robe (melded)
Jewellery
 m - an uncursed amulet of magic regeneration
 n - a +2 ring of evasion (left branch)
 q - an amulet of the gourmand (around neck)
 x - a ring of resist corrosion (right branch)
Wands
 d - a wand of polymorph (3/24)
 A - a wand of digging (4/24)
Scrolls
 h - 2 scrolls of enchant armour {unknown}
 j - 2 scrolls of amnesia {unknown}
 k - 5 scrolls of identify {unknown}
 l - a scroll of enchant weapon {unknown}
 p - a scroll of teleportation {unknown}
 s - a scroll of blinking {unknown}
 w - a scroll of noise {unknown}
 y - a scroll of recharging {unknown}
 z - a scroll of remove curse {unknown}
Potions
 f - a potion of lignification
 g - 3 potions of curing
 o - a potion of haste {unknown}
 v - a potion of resistance {unknown}
Books
 b - a book of Flames

   Spells                             Type                      Level
   a - Flame Tongue                   Conjuration/Fire             1
   b - Throw Flame                    Conjuration/Fire             2
   c - Conjure Flame                  Conjuration/Fire             3
   d - Inner Flame                    Hexes/Fire                   3
   e - Sticky Flame                   Conjuration/Fire             4
   f - Fireball                       Conjuration/Fire             5
Comestibles
 c - 2 bread rations
 i - 2 meat rations
 B - 2 chunks of flesh


   Skills:
 + Level 2.5 Fighting
 + Level 4.5 Dodging
 - Level 2.4 Stealth
 - Level 6.5 Spellcasting
 - Level 5.0 Conjurations
 - Level 5.0 Fire Magic


You had 6 spell levels left.
You knew the following spells:

 Your Spells              Type           Power        Failure   Level  Hunger
h - Flame Tongue          Conj/Fire      ####.        1%          1    None
j - Sticky Flame          Conj/Fire      ####....     11%         4    ###....
k - Fireball              Conj/Fire      ####......   30%         5    #####..
l - Conjure Flame         Conj/Fire      ####....     3%          3    #......


Dungeon Overview and Level Annotations

Branches:
Dungeon (5/15)
 Temple: D:4-7

Altars:
Okawaru
Qazlal


Message History

Your +0 pair of gloves melds into your body.
Your +0 robe melds into your body.
Your roots penetrate the ground.
You are too injured to fight recklessly!
Casting: Flame Tongue
Confirm with . or Enter, or press ? or * to list all spells.
Aiming: Flame Tongue
Press: ? - help, Shift-Dir - straight line, f - centaur
Aim: a centaur, wielding a shortbow The flame tongue hits the centaur.
The centaur is moderately wounded.
The centaur shoots an arrow.
The arrow hits you but does no damage.
Casting: Flame Tongue
Confirm with . or Enter, or press ? or * to list all spells.
Aiming: Flame Tongue
Press: ? - help, Shift-Dir - straight line, f/p - centaur
Aim: a centaur, wielding a shortbow (moderately wounded)
The flame tongue hits the centaur.
The centaur appears unharmed.
The centaur is moderately wounded.
The centaur shoots an arrow.
The arrow hits you!
You die...

#.........##.#............#
##.........##.#.####...<...#
...........#....####..[)...#
................##.........#
......%..........#.#.......#
##.......c.......#.#.......#
.....c.(.(.#...............#
.#...#.####(.......#########
#c #. #7##.#...##..)...# #.
#.#.......#[####.# #.
#.#.......#.####.# #.
#.#.##.........#.# ..
#.......#.#.##.#.# ..
###.#####.#.##....
#.......#......#
################


You could see a centaur.

Vanquished Creatures
  The ghost of kuniqs the Shield-Bearer, an amateur DDFi (D:3)
  A necrophage (D:5)
  An ogre (D:4)
  A phantom (D:4)
  2 scorpions
  An orc priest (D:5)
  Terence (D:2)
  Jessica (D:2)
  Natasha (D:4)
  An orc wizard (D:5)
  A worker ant (D:4)
  A hound zombie (D:5)
  A hound skeleton (D:4)
  6 adders
  2 shadow imps (D:5)
  An adder zombie (D:5)
  3 worms
  2 dart slugs
  5 leopard geckos
  5 orcs
  11 bats
  3 giant cockroaches
  7 goblins
  7 hobgoblins
  A quokka (D:5)
  A ball python (D:5)
  6 frilled lizards
  7 kobolds
  A leopard gecko zombie (D:5)
  5 rats
87 creatures vanquished.

Notes
Turn   | Place    | Note
-------+----------+-------------------------------------------
     0 | D:1      | Duffy the Deep Elf Fire Elementalist began the quest for the Orb.
     0 | D:1      | Reached XP level 1. HP: 10/10 MP: 6/6
   381 | D:1      | Reached XP level 2. HP: 14/15 MP: 2/8
  1194 | D:2      | Reached XP level 3. HP: 16/19 MP: 5/9
  1201 | D:2      | Learned a level 3 spell: Conjure Flame
  1414 | D:2      | Found an iron altar of Okawaru.
  1447 | D:2      | Noticed Terence
  1457 | D:2      | Killed Terence
  1668 | D:2      | Reached XP level 4. HP: 24/24 MP: 8/11
  1704 | D:2      | Learned a level 4 spell: Sticky Flame
  1828 | D:2      | Noticed Jessica
  1881 | D:2      | Killed Jessica
  2058 | D:3      | Reached skill level 4 in Spellcasting
  2287 | D:3      | Noticed kuniqs's ghost (amateur DDFi)
  2297 | D:3      | Found a stormy altar of Qazlal.
  2320 | D:3      | Killed kuniqs's ghost
  2320 | D:3      | Reached skill level 6 in Spellcasting
  2320 | D:3      | Reached XP level 5. HP: 10/28 MP: 3/16
  2327 | D:3      | Learned a level 5 spell: Fireball
  2616 | D:3      | Reached XP level 6. HP: 32/32 MP: 14/17
  3123 | D:4      | Reached skill level 5 in Fire Magic
  3424 | D:4      | Noticed Natasha
  3431 | D:4      | Killed Natasha
  3534 | D:4      | Reached skill level 5 in Conjurations
  3705 | D:4      | Reached XP level 7. HP: 36/36 MP: 16/18
  3781 | D:4      | Reached skill level 1 in Fighting
  4111 | D:5      | Entered Level 5 of the Dungeon
  4715 | D:5      | Shot with an arrow by a centaur

Vault maps used:
D:1:      mrwooster_arrival_statue_3
D:2:      first_bread, minmay_misc_feat_doors, kennysheep_okawaru_gauntlet,
          uniq_terence, uniq_jessica
D:3:      nicolae_qazlal_general_emergency
D:4:      uniq_natasha
D:5:      makhleb_grotto_becter, minmay_temple_entry_statues_pillars

Skill      XL: |  1  2  3  4  5  6  7 |
---------------+----------------------+-----
Conjurations   | 2 3 5 |  5.0
Fire Magic     | 4 5 |  5.0
Spellcasting   | 6 |  6.5
Fighting       | 2 |  2.5
Dodging        | 4 |  4.5
Stealth        | |  2.4

Action                   |  1- 3 |  4- 6 |  7- 9 || total
-------------------------+-------+-------+-------++-------
 Fire: Blowgun           |       |       |     1 ||     1
 Cast: Flame Tongue      |    70 |    71 |    59 ||   200
       Conjure Flame     |       |     3 |     3 ||     6
       Sticky Flame      |       |     2 |     4 ||     6
  Use: Potion            |       |       |     1 ||     1
  Eat: Chunk             |     2 |    15 |     6 ||    23
Armor: Robe              |    15 |     1 |     2 ||    18
       Skin              |       |       |     1 ||     1
Dodge: Dodged            |    32 |     6 |    17 ||    55
